 Dungeon Crawl Stone Soup version 0.20-a0-1114-g33edf32 (webtiles) character file.

88 esteth the Conjurer (level 4, -7/24 HPs)
             Began as a Deep Elf Fire Elementalist on May 4, 2017.
             Mangled by a gnoll (8 damage)
             ... on level 2 of the Dungeon on May 6, 2017.
             The game lasted 00:05:45 (2202 turns).

esteth the Conjurer (Deep Elf Fire Elementalist)    Turns: 2202, Time: 00:05:46

Health: -7/24      AC:  3    Str:  5    XL:     4   Next: 29%
Magic:  1/10       EV: 13    Int: 21    God:
Gold:   46         SH:  0    Dex: 15    Spells: 8/9 levels left

rFire    . . .     SeeInvis .   (no weapon)
rCold    . . .     Gourm    .   (no shield)
rNeg     . . .     Faith    .   a - +0 robe
rPois    .         Spirit   .   (no helmet)
rElec    .         Reflect  .   (no cloak)
rCorr    +         Harm     .   (no gloves)
MR       .....                  e - +0 pair of boots
Stlth    ++........             (no amulet)
Regen    0.1/turn               d - ring of resist corrosion
MPRegen  0.2/turn               (no ring)

@: very slightly contaminated
A: no striking features
a: no special abilities


You were on level 2 of the Dungeon.
You were not hungry.

You visited 1 branch of the dungeon, and saw 2 of its levels.

You collected 46 gold pieces.

Inventory:

Armour
 a - a +0 robe (worn)
 e - a +0 pair of boots (worn)
Jewellery
 d - a ring of resist corrosion (left hand)
Scrolls
 g - a scroll of remove curse
Books
 b - a book of Flames

   Spells                             Type                      Level
   a - Flame Tongue                   Conjuration/Fire             1
   b - Throw Flame                    Conjuration/Fire             2
   c - Conjure Flame                  Conjuration/Fire             3
   d - Inner Flame                    Hexes/Fire                   3
   e - Sticky Flame                   Conjuration/Fire             4
   f - Fireball                       Conjuration/Fire             5
Comestibles
 c - a bread ration
 h - a royal jelly


   Skills:
 - Level 2.4 Dodging
 - Level 2.4 Stealth
 - Level 3.0 Spellcasting
 + Level 4.6 Conjurations
 - Level 3.2 Fire Magic


You had 8 spell levels left.
You knew the following spells:

 Your Spells              Type           Power        Failure   Level  Hunger
a - Flame Tongue          Conj/Fire      ###..        2%          1    None


Dungeon Overview and Level Annotations

Branches:
Dungeon (2/15)

Altars:
Fedhas


Message History

As you read the scroll labeled QOSUHA NEASUNN, it crumbles to dust.
You feel blessed for a moment.
It was a scroll of remove curse.
The gnoll hits you but does no damage.
As you read the scroll labeled FUQAKK APIAD, it crumbles to dust.
It is a scroll of identify.
i - a scroll of fog The gnoll closely misses you.
As you read the scroll of fog, it crumbles to dust.
The scroll dissolves into smoke.
The gnoll hits you but does no damage.
You hit the gnoll.
The gnoll is severely wounded.
The gnoll barely misses you.
You barely miss the gnoll.
The gnoll is severely wounded.
The gnoll hits you.
* * * LOW HITPOINT WARNING * * *
You hit the gnoll but do no damage.
The gnoll is severely wounded.
The gnoll hits you!
You die...

. . .#########.
.........
###########
.........
##################
#@gK§....(.(.()...
#################.
######...........##.
#......#########....
#.####.##.# #....
#.#.#.#.#.# #....
#.........# #....
###.#.#.#.# #....
#........# #....


You could see a gnoll and a kobold.

Vanquished Creatures
  3 gnolls (D:2)
  2 adders
  A dart slug (D:2)
  2 leopard geckos
  2 giant cockroaches (D:1)
  5 goblins
  7 hobgoblins
  5 kobolds
  A quokka (D:2)
  A bat (D:1)
  5 frilled lizards
  4 rats (D:1)
38 creatures vanquished.

Notes
Turn   | Place    | Note
-------+----------+-------------------------------------------
     0 | D:1      | esteth the Deep Elf Fire Elementalist began the quest for the Orb.
     0 | D:1      | Reached XP level 1. HP: 10/10 MP: 6/6
   319 | D:1      | Reached skill level 2 in Conjurations
   612 | D:1      | Reached XP level 2. HP: 15/15 MP: 6/8
   924 | D:1      | Reached skill level 3 in Conjurations
  1288 | D:2      | Reached XP level 3. HP: 19/19 MP: 4/9
  1652 | D:2      | Found a blossoming altar of Fedhas.
  1892 | D:2      | Reached skill level 4 in Conjurations
  2137 | D:2      | Upgraded the game from 0.20-a0-1101-g1de9d76 to 0.20-a0-1114-g33edf32
  2153 | D:2      | Reached XP level 4. HP: 14/24 MP: 0/10
  2195 | D:2      | HP: 1/24 [gnoll (7)]
  2201 | D:2      | HP: 1/24 [gnoll (1)]
  2202 | D:2      | Mangled by a gnoll

Vault maps used:
D:1:      grunt_arrival_lava_bath
D:2:      serial_co_window_serial, co_window_paths_b, co_window_paths_b,
          co_window_paths_a, co_window_paths_a, co_window_of_opportunity_a,
          co_window_of_opportunity_a, co_window_paths_b, co_window_broadway_b,
          co_window_paths_c, co_window_corner_ca, co_window_unsneaky_path_d,
          co_window_broadway_b, co_window_cross_4, co_window_cross_4,
          co_window_paths_e, co_window_paths_d, glass_columns_a,
          hangedman_decor_peaks_small, st_stairs_12, fedhas_altar_3

Skill      XL: |  1  2  3 |
---------------+----------+-----
Conjurations   | 2 3 4 |  4.6
Dodging        | |  2.4
Stealth        | |  2.4
Spellcasting   | |  3.0
Fire Magic     | |  3.2

Action                   |  1- 3 |  4- 6 || total
-------------------------+-------+-------++-------
Melee: Unarmed           |       |     3 ||     3
 Cast: Flame Tongue      |    81 |     5 ||    86
  Use: Potion            |     1 |       ||     1
       Scroll            |       |     4 ||     4
  Eat: Chunk             |     4 |       ||     4
Armor: Robe              |    14 |     2 ||    16
Dodge: Dodged            |    22 |     5 ||    27
